 Dungeon Crawl Stone Soup version 0.28-a0-533-g9f97627e2a (webtiles) character file.

Game seed: 13101277664213765610

170 Gwenloh the Chiller (level 5, -3/35 HPs)
             Began as a Barachi Ice Elementalist on Sept 25, 2021.
             Slain by a sky beast (5 damage)
             ... on level 3 of the Dungeon.
             The game lasted 00:10:34 (2873 turns).

Gwenloh the Chiller (Barachi Ice Elementalist)      Turns: 2873, Time: 00:10:36

Health: -3/35      AC:  2    Str:  9    XL:     5   Next: 51%
Magic:  7/10       EV: 12    Int: 16    God:
Gold:   35         SH:  0    Dex: 13    Spells: 4/11 levels left

rFire   + . .      SeeInvis .   r - +2 short sword (drain)
rCold   . . .      Faith    +   (no shield)
rNeg    . . .      Spirit   .   d - +0 robe
rPois   .          Reflect  .   (no helmet)
rElec   .          Harm     .   (no cloak)
rCorr   .          Rampage  .   (no gloves)
Will    .....                   (no boots)
Stlth   ++........              v - amulet of faith
HPRegen 0.11/turn               n - ring of protection from fire
MPRegen 0.12/turn               (no ring)

@: unable to hop, freezing walls, slow
A: amphibious, slowness 1, strong legs 1, +LOS
a: Hop


You were on level 3 of the Dungeon.
You visited 1 branch of the dungeon, and saw 3 of its levels.

You collected 35 gold pieces.

Inventory:

Hand Weapons
 a - a +0 dagger
 b - a +0 hunting sling
 p - a +0 long sword
 r - a +2 short sword of draining (weapon)
Missiles
 i - 13 poisoned darts (quivered)
 m - 74 stones
 u - 2 throwing nets
Armour
 d - a +0 robe (worn)
Magical Staves
 q - a staff of conjuration
Jewellery
 n - a ring of protection from fire (left hand)
 v - an amulet of faith (around neck)
Scrolls
 c - a scroll of fog {unknown}
 e - a scroll of noise {unknown}
 g - a scroll of vulnerability {unknown}
 j - a scroll of teleportation {unknown}
 k - a scroll of silence {unknown}
 l - a scroll of torment {unknown}
 s - a scroll of immolation {unknown}
Potions
 f - a potion of heal wounds {unknown}
 h - a potion of magic {unknown}
 o - a potion of attraction {unknown}
 t - a potion of flight {unknown}


   Skills:
 - Level 2.1 Dodging
 - Level 1.7 Stealth
 + Level 3.8 Spellcasting
 * Level 6.9 Ice Magic


You had 4 spell levels left.
You knew the following spells:

 Your Spells              Type           Power      Damage    Failure   Level
a - Freeze                Ice            100%       1d11      1%          1
b - Frozen Ramparts       Ice            50%        1d7       3%          3
c - Ozocubu's Armour      Ice            25%        N/A       3%          3

Your spell library contained the following spells:

 Spells                   Type           Power      Damage    Failure   Level
 Hailstorm                Conj/Ice       14%        3d5       38%         4


Dungeon Overview and Level Annotations

Branches:
Dungeon (3/15)

Altars:
Kikubaaqudgha

Annotations:
D:3 Robin


Innate Abilities, Weirdness & Mutations

You are amphibious.
You cover ground slowly.
You can hop short distances.
You have an extended range of vision and can be seen from far away.


Message History

The goblin shouts!
You hear a shout! x2
A goblin comes into view. It is wielding a +0 club.
Robin of the Strong Arm comes into view.
They are wielding a +0 club.
A frilled lizard comes into view.
The hobgoblin moves out of view.
You hear a shout! x2; The frilled lizard hisses angrily.
Found a stone staircase leading up.
Hop to where?
Press: ? - help, Dir - move target 3 goblins come into view.
Boing!
The goblin shouts! x3
The sky beast flickers out of sight!
Deactivating autopickup; reactivate with Ctrl-A.
Something hits you. Something shocks you. The goblin misses you.
The goblin hits you with a +0 club. x2
Something hits you. Something shocks you. The goblin barely misses you.
You hit the goblin. You drain the goblin.
The goblin is severely wounded.
Something hits you.
* * * LOW HITPOINT WARNING * * *
Something shocks you.
* * * LOW HITPOINT WARNING * * *
The goblin barely misses you. x2
Robin roars a battlecry!
The goblins go into a battle-frenzy!
Unknown command.
Okay, then.
The goblin unwields a +0 dagger.
The goblin wields a +0 hunting sling.
The goblin shoots a stone.
The stone closely misses you. The goblin closely misses you.
Robin throws the goblin at you!
Casting: Ozocubu's Armour (dangerous; 3% risk of failure)
Confirm with . or Enter, or press ? or * to list all spells.
Casting: Frozen Ramparts (dangerous; 3% risk of failure)
Press: ? - help, Dir - look around, f - activate The walls around you are covered in ice.
Something hits you.
* * * LOW HITPOINT WARNING * * *
Something shocks you.
You die...

#
#.#........#
#
#.#........#
#.#........#
#.#........#
#.#........#
#.'..g.gg..+
###...gggg.#
#....g{gg#
#....gl@.#
##########


You could see Robin, 3 hobgoblins, 7 goblins and a frilled lizard.

Vanquished Creatures
  2 vampire bats (D:3)
  2 adders (D:2)
  A worm (D:2)
  2 dart slugs (D:1)
  6 bat zombies (D:3)
  8 endoplasms
  6 giant cockroaches
  10 goblins
  3 hobgoblins (D:1)
  6 ball pythons
  4 bats
  2 frilled lizards (D:2)
  8 kobolds
  3 rats
63 creatures vanquished.

Vanquished Creatures (others)
  20 plants (D:2)
20 creatures vanquished.

Grand Total: 83 creatures vanquished

Notes
Turn   | Place    | Note
-------+----------+-------------------------------------------
     0 | D:1      | Gwenloh the Barachi Ice Elementalist began the quest for
                  | the Orb.
     0 | D:1      | Reached XP level 1. HP: 13/13 MP: 3/3
   158 | D:1      | Reached skill level 5 in Ice Magic
   303 | D:1      | Reached XP level 2. HP: 17/19 MP: 1/5
  1097 | D:1      | Reached XP level 3. HP: 24/24 MP: 5/7
  1101 | D:1      | Learned a level 3 spell: Frozen Ramparts
  1105 | D:1      | Learned a level 3 spell: Ozocubu's Armour
  1522 | D:1      | Found a faded altar of an unknown god.
  1907 | D:2      | Reached XP level 4. HP: 30/30 MP: 6/8
  1982 | D:2      | Reached skill level 6 in Ice Magic
  2619 | D:3      | Found an ancient bone altar of Kikubaaqudgha.
  2634 | D:3      | Reached XP level 5. HP: 34/35 MP: 5/10
  2868 | D:3      | Noticed a sky beast
  2868 | D:3      | Noticed Robin
  2873 | D:3      | Slain by a sky beast

Illustrated notes

Levels and vault maps discovered:
D:1:      amcnicky_arrival_double_pillar, layout_basic,
          shapermc_ecumenical_altar_venn
D:2:      layout_basic, serial_bayou, serial_bayou_lake_a, serial_bayou_pond_c,
          serial_bayou_lagoon_a, serial_bayou_pond_c, minmay_fountain_box,
          lexackson_kobold_supper
D:3:      minmay_bubble_buster, layout_basic, kennysheep_vampire_church,
          serial_shops, shop, uniq_robin

Skill      XL: |  1  2  3  4 |
---------------+-------------+-----
Ice Magic      | 5 6 |  6.9
Spellcasting   | 3 |  3.8
Dodging        | |  2.1
Stealth        | |  1.7

Action                   |  1- 3 |  4- 6 || total
-------------------------+-------+-------++-------
Melee: Unarmed           |     1 |       ||     1
       Dagger            |     5 |     1 ||     6
       Long sword        |     9 |       ||     9
       Short sword       |       |    36 ||    36
 Fire: Hunting sling     |    31 |     5 ||    36
Throw: Dart              |     8 |     6 ||    14
 Cast: Freeze            |    38 |     8 ||    46
       Frozen Ramparts   |     4 |     5 ||     9
       Ozocubu's Armour  |     2 |     5 ||     7
 Abil: Hop               |       |     1 ||     1
 Stab: Sleeping          |       |     1 ||     1
Armor: Robe              |    11 |    47 ||    58
Dodge: Dodged            |    25 |    78 ||   103

Table legend: (Time is in decaauts)
 A = Elapsed time spent in this place.
 B = Non-inter-level travel time spent in this place.
 C = Inter-level travel time spent in this place.
 D = Time resting spent in this place.
 E = Time spent auto-exploring this place.
 F = Levels seen in this place.
 G = Mean time per level.
                   A        B        C        D        E       F      G
               +--------+--------+--------+--------+--------+-----+--------+
         Total |   3162 |   3102 |     60 |    210 |   2230 |   3 | 1054.0 |
       Dungeon |   3162 |   3102 |     60 |    210 |   2230 |   3 | 1054.0 |
               +--------+--------+--------+--------+--------+-----+--------+

Top non-repeatable levels by time:
     D:1: 1743 daAuts
     D:2: 1049 daAuts
     D:3: 369 daAuts
